 Dungeon Crawl Stone Soup version 0.30-b1-2-g02819fbbbe (webtiles) character file.

Game seed: 12595950462242620120

212 Alarkh the Insei (level 5, -1/41 HPs)
             Began as a Demonspawn Delver on May 22, 2023.
             Slain by an ogre
             ... wielding a +0 giant club
              (18 damage)
             ... on level 4 of the Dungeon.
             The game lasted 00:05:10 (2730 turns).

Alarkh the Insei (Demonspawn Delver)                Turns: 2730, Time: 00:05:11

Health: -1/41      AC:  6    Str: 13    XL:     5   Next: 58%
Magic:  5/5        EV: 11    Int: 13    God:
Gold:   187        SH:  0    Dex: 14    Spells: 4/4 levels left

rFire   . .          .
                       - Unarmed
rCold   . . .        (no shield)
rNeg    . . .        k - +0 troll leather armour
rPois   .            q - +0 helmet
rElec   .            (no cloak)
rCorr   .            v - +0 pair of gloves
SInv    .            (no boots)
Will    .....        (no amulet)
Stlth   ++           (no ring)
HPRegen 1.06/turn    (no ring)
MPRegen 0.09/turn

%: no passive effects
@: no status effects
A: foul stench 1, demonic touch 1
a: no special abilities


You were on level 4 of the Dungeon.
You visited 1 branch of the dungeon, and saw 5 of its levels.

You collected 187 gold pieces.

Inventory:

Hand Weapons
 w - the +6 dagger of Nob Sawk {antimagic, Contam rPois rC+ Int+3}
   (You found it on level 3 of the Dungeon)

   Int:       It affects your intelligence (+3).
   rC:        It protects you from cold.
   rPois:     It protects you from poison.
   Contam:    It causes magical contamination when unequipped.
Armour
 a - a +0 leather armour
 k - a +0 troll leather armour (worn)
 q - a +0 helmet (worn)
 v - a +0 pair of gloves (worn)
Magical Staves
 h - a staff of poison
Wands
 f - a wand of digging (3)
 p - a wand of polymorph (5)
Scrolls
 b - 5 scrolls of fog
 c - a scroll of noise {unknown}
 g - 3 scrolls of poison
 i - 2 scrolls of blinking
 m - a scroll of torment {unknown}
 n - 2 scrolls of vulnerability {unknown}
 r - a scroll of identify
 u - a scroll of teleportation {unknown}
 y - a scroll of immolation {unknown}
Potions
 e - a potion of haste
 j - a potion of lignification
 l - a potion of mutation
 o - a potion of berserk rage {unknown}
 s - a potion of curing {unknown}
 t - a potion of magic {unknown}
 x - a potion of resistance {unknown}
 z - a potion of cancellation


   Skills:
 - Level 3.0 Fighting
 - Level 1.7 Dodging
 - Level 4.5 Stealth
 + Level 5.4 Unarmed Combat


You had 4 spell levels left.
You didn't know any spells.
Your spell library was empty.

Dungeon Overview and Level Annotations

Branches:
Dungeon (5/15)
 Temple: D:4-7

Altars:
Qazlal

Shops:
D:1 =   D:2 *

Annotations:
D:3 1 transporter, Vorhees's ghost, amateur GnWn
D:4 Edmund


Innate Abilities, Weirdness & Mutations

You may rarely emit foul miasma when damaged in melee.
Your touch may inflict minor irresistible damage on your foes.


Message History

You hit the ogre.
The ogre is heavily wounded.
The ogre hits you with a +0 giant club!
You are too injured to fight recklessly!
You are too injured to fight recklessly!
You are too injured to fight recklessly!
You are too injured to fight recklessly!
You are too injured to fight recklessly!
You are too injured to fight recklessly!
You are too injured to fight recklessly!
You are too injured to fight recklessly!
You are too injured to fight recklessly!
Okay, then.
It was a potion of cancellation.
You feel magically purged. The ogre hits you with a +0 giant club!
* * * LOW HITPOINT WARNING * * *
As you read the scroll of fear, it crumbles to dust.
You assume a fearsome visage.
The ogre looks frightened!
You completely miss the ogre. Your punch misses the ogre.
The ogre is heavily wounded.
A kobold comes into view.
It is wielding a +2 short sword of draining.
The ogre cries, "Oh dear!
Oh dear!"
There is an escape hatch in the ceiling here.
Okay, then.
The ogre seems to regain its courage.
There is an open door here.
You close the door.
You barely miss the ogre.
You touch the ogre!
The ogre is severely wounded.
The ogre hits you with a +0 giant club!!
Ouch! That really hurt!
You hit the ogre but do no damage.
The ogre is severely wounded.
You hit the ogre. Your touch misses the ogre.
The ogre is almost dead.
The ogre closely misses you.
You completely miss the ogre.
The ogre is almost dead.
The ogre hits you with a +0 giant club!!
You die...

#.##.##...####
#.##.##...+,,,
#.##.##)..#**,
###'##......# *,
#.....o....## *,
#..........# *,
#..........#***,
###.............,,
#@+..........###,,
#O#..........#,*,,
#.##########.#*,**
#.# *,,,..,*,* #.#
*,***,,**, #.# #.#
**,,,* #.# #.#
**,,* #.# #.# **,.
#.# #.# ##.


You could see an ogre.

Vanquished Creatures
  A hound (D:4)
  Terence (D:2)
  Robin (D:2)
  4 adders
  A worm (D:2)
  6 dart slugs
  4 orcs
  7 bats
  5 endoplasms
  3 giant cockroaches
  15 goblins
  9 hobgoblins
  3 jackals (D:1)
  3 quokkas
  5 ball pythons
  2 frilled lizards
  12 kobolds
  5 rats
87 creatures vanquished.

Vanquished Creatures (others)
  An orc (D:4)
1 creature vanquished.

Grand Total: 88 creatures vanquished

Notes
Turn   | Place    | Note
-------+----------+-------------------------------------------
     0 | D:5      | Alarkh the Demonspawn Delver began the quest for the Orb.
     0 | D:5      | Reached XP level 1. HP: 18/18 MP: 1/1
    30 | D:5      | Noticed a jelly
    44 | D:4      | Noticed a scorpion
    65 | D:4      | Reached skill level 2 in Unarmed Combat
   116 | D:4      | Noticed Edmund
   185 | D:4      | Noticed a hound
   361 | D:2      | Gained mutation: Your touch may inflict minor irresistible
                  | damage on your foes. [demonic ancestry]
   361 | D:2      | Reached XP level 2. HP: 18/24 MP: 2/2
   411 | D:2      | Reached skill level 3 in Unarmed Combat
   417 | D:2      | Reached XP level 3. HP: 26/29 MP: 3/3
   816 | D:1      | Found Yntu Naar's Jewellery Boutique.
   901 | D:1      | Gained mutation: You may rarely emit foul miasma when
                  | damaged in melee. [demonic ancestry]
   901 | D:1      | Reached XP level 4. HP: 35/35 MP: 4/4
   952 | D:1      | Reached skill level 4 in Unarmed Combat
   965 | D:1      | Found a faded altar of an unknown god.
  1272 | D:2      | Noticed Terence
  1282 | D:2      | Killed Terence
  1393 | D:2      | Found Yluj's Assorted Antiques.
  1528 | D:2      | Noticed Robin
  1544 | D:2      | Killed Robin
  2041 | D:3      | Reached XP level 5. HP: 41/41 MP: 5/5
  2141 | D:3      | Reached skill level 5 in Unarmed Combat
  2240 | D:3      | Found a transporter.
  2243 | D:3      | Noticed an ogre
  2243 | D:3      | Noticed Vorhees's ghost (amateur GnWn)
  2243 | D:3      | Identified the +6 giant club of the Shrinking Seer {venom,
                  | Fly rC+ Dex-4}
  2243 | D:3      | Noticed an ogre
  2245 | D:3      | Noticed an ogre
  2273 | D:3      | Identified the +6 dagger of Nob Sawk {antimagic, Contam
                  | rPois rC+ Int+3}
  2338 | D:3      | Noticed a fire elemental
  2340 | D:3      | Found a stormy altar of Qazlal.
  2342 | D:3      | Noticed a water elemental
  2342 | D:3      | Noticed an air elemental
  2686 | D:4      | Noticed an ogre
  2730 | D:4      | Slain by an ogre

Illustrated notes

Levels and vault maps discovered:
D:1:      spicycebolla_green_bress_n_ham_2, layout_loops_cross, serial_shops,
          shop, chequers_ecumenical_altar_island, hex_tiny
D:2:      minmay_angry_zag, layout_basic, serial_shops, shop, st_stairs_12,
          uniq_terence, uniq_robin
D:3:      layout_rooms, nicolae_qazlal_style_of_elements, gammafunk_ghost_smash,
          dk_vineyard_3, minmay_diced_spiral
D:4:      layout_basic, minmay_vboxes, uniq_edmund
D:5:      layout_basic, gammafunk_temple_overflow_elements

Skill      XL: |  1  2  3  4  5 |
---------------+----------------+-----
Unarmed Combat | 2 3 4 5 |  5.4
Fighting       | |  3.0
Dodging        | |  1.7
Stealth        | |  4.5

Action                     |  1- 3 |  4- 6 || total
---------------------------+-------+-------++-------
  Melee: Unarmed           |   117 |   107 ||   224
         Touch             |    13 |    17 ||    30
         Punch             |     3 |     2 ||     5
    Use: Scroll            |     2 |     5 ||     7
         Potion            |       |     1 ||     1
   Stab: Sleeping          |     4 |     9 ||    13
         Distracted        |       |     2 ||     2
 Armour: Troll leather arm |    41 |    15 ||    56
         Leather armour    |     1 |       ||     1
  Dodge: Dodged            |    92 |    46 ||   138
